Map: Acropolis LE

Players

Fano - Winner!

  • Race: Zerg Zerg
  • League: Platinum
  • Spawn Location: 5:00

PeLLy

  • Race: Zerg Zerg
  • League: Diamond
  • Spawn Location: 11:00

VOD

Have the link to the VOD?

Description

Time

  • Played on: July 28, 2019, 4:45 p.m.
  • Length: 10:31
Show
View Real Time Build Order
Export as new Build Order

Fano Zerg - Winner!

Build Orders: Pool First 

Get SALT Encoding   

  12  0:01  Drone  
  13  0:12  Overlord  
  13  0:16  Drone  
  14  0:31  Drone  
  14  0:32  Drone  
  17  0:35  Drone  
  17  0:45  Spawning Pool  
  17  0:48  Drone  
  17  0:58  Drone  
  18  1:10  Hatchery  
  17  1:14  Extractor  
  17  1:16  Drone  
  17  1:31  Zergling x4  
  17  1:32  Queen  
  21  1:38  Zergling x2  
  22  1:49  Overlord  
  22  2:07  Queen  
  24  2:13  Drone  
  24  2:14  Drone  
  26  2:25  Queen  
  28  2:32  Drone  
  28  2:33  Drone  
  28  2:53  Zergling x2  
  28  2:54  Drone x2, Zergling x8  
  34  3:03  Roach Warren  
  33  3:11  Evolution Chamber  
  32  3:17  Evolution Chamber  
  31  3:21  Drone x5  
  36  3:29  Spine Crawler  
  36  3:31  Drone  
  31  3:56  Zergling x2  
  32  4:05  Drone  
  32  4:06  Drone x3  
  32  4:07  Overlord  
  32  4:08  Overlord  
  36  4:14  Extractor  
  36  4:16  Zerg Missile Weapons Level 1  
  35  4:20  Overlord x2  
  35  4:25  Queen  
  37  4:35  Drone x2  
  39  4:39  Roach  
  39  4:40  Roach  
  39  4:41  Extractor  
  42  4:47  Drone  
  42  4:49  Roach  
  47  5:00  Roach x6  
  47  5:04  Zerg Ground Armor Level 1  
  57  5:12  Roach x2  
  61  5:19  Drone  
  61  5:20  Drone  
  61  5:21  Roach x2  
  65  5:24  Overlord  
  65  5:25  Overlord  
  67  5:44  Overlord  
  67  5:51  Roach  
  67  5:52  Roach x4  
  67  5:53  Ravager  
  67  5:54  Ravager  
  79  5:58  Roach  
  79  5:59  Roach  
  83  6:05  Roach x3  
  83  6:07  Overlord  
  89  6:12  Roach  
  91  6:19  Overlord  
  91  6:20  Overlord  
  91  6:28  Roach x2  
  91  6:29  Roach  
  97  6:34  Roach  
  97  6:37  Overlord  
  99  7:00  Roach x5  
  99  7:01  Roach x2  
  113  7:10  Drone x4  
  117  7:18  Roach x2  
  102  7:47  Roach  
  102  7:48  Roach x8  
  102  8:01  Ravager  
  102  8:03  Ravager  
  102  8:04  Ravager x2  
  95  8:18  Roach  
  95  8:19  Roach x7  
  103  8:25  Ravager  
  89  8:48  Roach x2  
  84  8:49  Roach x7  
  100  9:00  Zergling x2  
  101  9:16  Roach  
  103  9:17  Roach x5  
  109  9:37  Ravager  
  108  9:38  Ravager  
  108  9:39  Ravager  
  108  9:43  Ravager  
  111  9:46  Roach  
  111  9:47  Roach  
  98  10:08  Roach x5  
  98  10:09  Roach  
  110  10:14  Ravager  
  111  10:28  Ravager  
Show
View Real Time Build Order
Export as new Build Order

PeLLy Zerg 

Build Orders: Hatch First 

Get SALT Encoding   

  12  0:00  Drone  
  13  0:12  Overlord  
  13  0:21  Drone  
  14  0:31  Drone x2  
  16  0:36  Drone  
  17  0:53  Hatchery  
  17  0:56  Drone  
  17  1:03  Drone, Extractor  
  17  1:17  Spawning Pool  
  16  1:19  Drone  
  16  1:22  Drone  
  18  1:30  Drone  
  19  1:39  Overlord  
  19  1:50  Drone  
  20  2:02  Drone  
  20  2:05  Queen x2  
  20  2:07  Zergling x2  
  26  2:17  Spine Crawler  
  26  2:19  Zergling x4  
  27  2:24  Baneling Nest  
  26  2:31  Zergling x4  
  26  3:07  Drone x6  
  32  3:17  Queen  
  32  3:19  Drone  
  35  3:21  Overlord x3  
  35  3:25  Baneling x2  
  35  3:26  Baneling x2  
  35  3:28  Baneling  
  35  3:29  Baneling  
  35  3:32  Baneling  
  35  3:35  Overlord  
  35  4:10  Drone x9  
  35  4:13  Extractor  
  35  4:14  Extractor  
  41  4:22  Evolution Chamber  
  40  4:25  Evolution Chamber  
  39  4:37  Roach Warren  
  38  4:40  Hatchery  
  37  4:57  Extractor  
  37  4:59  Drone x11  
  47  5:11  Drone x2  
  47  5:13  Lair  
  49  5:24  Drone x4  
  53  5:36  Drone x3  
  53  5:39  Roach  
  53  5:40  Roach x2  
  53  5:42  Zerg Missile Weapons Level 1  
  62  5:43  Zerg Melee Weapons Level 1  
  62  5:45  Overlord  
  62  5:51  Drone  
  62  5:52  Drone  
  62  5:53  Roach x3  
  62  5:54  Roach  
  72  6:12  Roach x4  
  72  6:15  Roach  
  72  6:17  Overlord  
  82  6:30  Overlord x3  
  82  6:43  Glial Reconstitution  
  82  6:57  Roach  
  82  6:58  Roach x13  
  110  7:02  Drone x2  
  112  7:13  Spine Crawler  
  112  7:14  Roach  
  112  7:15  Spine Crawler  
  112  7:16  Spine Crawler x2  
  110  7:23  Roach  
  110  7:24  Roach  
  100  7:39  Roach  
  100  7:40  Roach x9  
  102  7:46  Ravager  
  102  7:48  Roach  
  102  7:49  Roach x3  
  97  7:58  Roach x3  
  92  8:02  Roach  
  86  8:16  Roach x4  
  78  8:21  Ravager  
  71  8:29  Roach x4  
  67  8:43  Roach x3  
  67  8:44  Roach x4  
  67  8:47  Drone  
  82  8:56  Roach x3  
  88  9:07  Queen, Extractor  
  88  9:08  Extractor  
  88  9:19  Roach  
  88  9:20  Roach x5  
  96  9:36  Roach x10  
  74  9:57  Roach  
  74  9:58  Roach x4  
  82  10:05  Roach x3  
  82  10:11  Roach  
Tags
 
Add a new tag
Caveats
  • Supply blocks, unpowered buildings, or Contaminate may cause inaccurate times.
  • Supply counts are checked every 10 seconds.